 Dungeon Crawl Stone Soup version 0.28-a0-1524-ge72afd5fc6 (webtiles) character file.

Game seed: 10816368584071003065

28 issech the Vexing (level 3, -2/20 HPs)
             Began as a Deep Elf Arcane Marksman on Jan 17, 2022.
             Was a Follower of Zin.
             Slain by Sigmund (7 damage)
             ... on level 2 of the Dungeon.
             The game lasted 00:07:15 (1473 turns).

issech the Vexing (Deep Elf Arcane Marksman)        Turns: 1473, Time: 00:07:15

Health: -2/20      AC:  3    Str:  7    XL:     3   Next: 0%
Magic:  7/7        EV: 12    Int: 17    God:    Zin [*.....]
Gold:   13         SH:  0    Dex: 17    Spells: 4/5 levels left

rFire   . . .      SeeInvis .   a - +0 shortbow
rCold   . . .      Faith    .   (shield currently unavailable)
rNeg    . . .      Spirit   .   b - +0 leather armour
rPois   .          Reflect  .   (no helmet)
rElec   .          Harm     .   (no cloak)
rCorr   .          Rampage  .   (no gloves)
Will    .....                   (no boots)
Stlth   +.........              (no amulet)
HPRegen 0.06/turn               (no ring)
MPRegen 0.10/turn               (no ring)

@: no status effects
A: no striking features
a: Renounce Religion, Recite, Donate Gold


You were on level 2 of the Dungeon.
You worshipped Zin.
Zin was aware of your devotion.
You visited 1 branch of the dungeon, and saw 2 of its levels.

You collected 14 gold pieces.
You donated 1 gold pieces to Zin.

Inventory:

Hand Weapons
 a - a +0 shortbow (weapon)
 f - a +0 whip
 i - a +0 spear
 j - a +0 spear
 l - a +0 club
 m - a +0 dagger
 n - a +0 club
 r - a +0 whip
Missiles
 c - 3 arrows (quivered ammo)
 g - a stone
 h - 24 sling bullets
Armour
 b - a +0 leather armour (worn)
 d - a +0 robe
Scrolls
 e - a scroll of magic mapping {unknown}
 k - a scroll of enchant weapon {unknown}
 o - 2 scrolls of teleportation {unknown}
 p - a scroll of holy word {unknown}
 s - a scroll of identify {unknown}
Potions
 q - a potion of brilliance {unknown}
 t - a potion of might {unknown}


   Skills:
 + Level 0.8 Fighting
 + Level 3.7 Bows
 + Level 0.3 Armour
 + Level 2.5 Dodging
 + Level 1.5 Spellcasting
 + Level 4.7 Hexes


You had 4 spell levels left.
You knew the following spells:

 Your Spells              Type           Power      Damage    Failure   Level
a - Slow                  Hex            68%        N/A       4%          1

Your spell library contained the following spells:

 Spells                   Type           Power      Damage    Failure   Level
 Inner Flame              Hex/Fire       9%         N/A       34%         3
 Portal Projectile        Hex/Tloc       18%        N/A       34%         3
 Cause Fear               Hex            8%         N/A       38%         4


Dungeon Overview and Level Annotations

Branches:
Dungeon (2/15)

Altars:
Zin

Annotations:
D:2 Sigmund


Message History

Press: ? - help, Q - select action, (/) - cycle Shift-Dir - straight line, f/p - Sigmund
Aim: Sigmund, wielding a +0 scythe and wearing a +2 robe of fire resistance (lightly wounded, 57% to hit)
You shoot an arrow. The arrow closely misses Sigmund.
Unknown command.
Fire: 9 arrows
Press: ? - help, Q - select action, (/) - cycle Shift-Dir - straight line, f/p - Sigmund
Aim: Sigmund, wielding a +0 scythe and wearing a +2 robe of fire resistance (lightly wounded, 57% to hit)
You shoot an arrow. The arrow completely misses Sigmund.
Sigmund hits you from afar with a +0 scythe.
* * * LOW HITPOINT WARNING * * *
Fire: 8 arrows
Press: ? - help, Q - select action, (/) - cycle Shift-Dir - straight line, f/p - Sigmund
Aim: Sigmund, wielding a +0 scythe and wearing a +2 robe of fire resistance (lightly wounded, 57% to hit)
You shoot an arrow. The arrow hits Sigmund.
Sigmund is lightly wounded.
Sigmund hits you but does no damage.
Fire: 7 arrows
Press: ? - help, Q - select action, (/) - cycle Shift-Dir - straight line, f/p - Sigmund
Aim: Sigmund, wielding a +0 scythe and wearing a +2 robe of fire resistance (lightly wounded, 57% to hit)
You shoot an arrow. The arrow closely misses Sigmund.
Sigmund closely misses you.
Fire: 6 arrows
Press: ? - help, Q - select action, (/) - cycle Shift-Dir - straight line, f/p - Sigmund
Aim: Sigmund, wielding a +0 scythe and wearing a +2 robe of fire resistance (lightly wounded, 57% to hit)
You shoot an arrow. The arrow hits Sigmund.
Sigmund is moderately wounded.
Fire: 5 arrows
Press: ? - help, Q - select action, (/) - cycle Shift-Dir - straight line, f/p - Sigmund
Aim: Sigmund, wielding a +0 scythe and wearing a +2 robe of fire resistance (moderately wounded, 57% to hit)
You shoot an arrow. The arrow closely misses Sigmund.
Sigmund barely misses you.
Unknown command.
Fire: 4 arrows
Press: ? - help, Q - select action, (/) - cycle Shift-Dir - straight line, f/p - Sigmund
Aim: Sigmund, wielding a +0 scythe and wearing a +2 robe of fire resistance (moderately wounded, 57% to hit)
You shoot an arrow.
The arrow hits Sigmund but does no damage.
Sigmund is moderately wounded.
Sigmund hits you from afar with a +0 scythe!
You die...

# #. #####.#########
(......(..@...#.#####
#.#.# .#... ...
#..(#######.....##.#
#..@........#.#.##.#
#...........#.#.##..
#>.@.########.#.....
#...............#...
#..#.##.#.###.#.....
#..#.##.....#.#.#...
#..#................
#..####...#.#.#†.†..
....................
.#.#.#####.##.####...
#...............


You could see Sigmund.

Vanquished Creatures
  7 ball pythons (D:1)
  6 bats
  3 endoplasms
  A giant cockroach (D:1)
  2 goblins (D:1)
  2 kobolds
  A quokka (D:1)
  2 frilled lizards (D:1)
24 creatures vanquished.

Notes
Turn   | Place    | Note
-------+----------+-------------------------------------------
     0 | D:1      | issech the Deep Elf Arcane Marksman began the quest for the
                  | Orb.
     0 | D:1      | Reached XP level 1. HP: 11/11 MP: 5/5
   247 | D:1      | Found a faded altar of an unknown god.
   260 | D:1      | Prayed at the altar of an unknown god.
   260 | D:1      | Became a worshipper of Zin the Law-Giver
   260 | D:1      | Reached * piety under Zin
   472 | D:1      | Reached XP level 2. HP: 16/16 MP: 6/6
  1371 | D:2      | Reached XP level 3. HP: 15/20 MP: 7/7
  1458 | D:2      | Noticed Sigmund
  1473 | D:2      | Slain by Sigmund

Illustrated notes

Levels and vault maps discovered:
D:1:      psy_arrival_fountain, layout_basic, basic_ecumenical_altar
D:2:      layout_basic, serial_undead, serial_undead_e, serial_undead_c,
          serial_undead_c, serial_undead_b, kennysheep_generic_room_3,
          uniq_sigmund

Skill      XL: |  1  2 |
---------------+-------+-----
Bows           | 3 |  3.7
Fighting       | |  0.8
Armour         | |  0.3
Dodging        | |  2.5
Spellcasting   | |  1.5
Hexes          | |  4.7

Action                   || total
-------------------------++-------
 Fire: Shortbow          ||    82
Armor: Leather armour    ||    25
Dodge: Dodged            ||    28

Table legend: (Time is in decaauts)
 A = Elapsed time spent in this place.
 B = Non-inter-level travel time spent in this place.
 C = Inter-level travel time spent in this place.
 D = Time resting spent in this place.
 E = Time spent auto-exploring this place.
 F = Levels seen in this place.
 G = Mean time per level.
                   A        B        C        D        E       F      G
               +--------+--------+--------+--------+--------+-----+--------+
         Total |   1484 |   1484 |      0 |    135 |    657 |   2 |  742.0 |
       Dungeon |   1484 |   1484 |      0 |    135 |    657 |   2 |  742.0 |
               +--------+--------+--------+--------+--------+-----+--------+

Top non-repeatable levels by time:
     D:1: 1161 daAuts
     D:2: 322 daAuts
